 Dungeon Crawl Stone Soup version 0.20-a0-420-geb9b46b (webtiles) character file.

29 Bailgrim the Slasher (level 3, 25/27 HPs)
             Began as a Demonspawn Gladiator on Dec 7, 2016.
             Quit the game on level 1 of the Dungeon.
             The game lasted 00:00:56 (850 turns).

Bailgrim the Slasher (Demonspawn Gladiator)          Turns: 850, Time: 00:00:57

Health: 25/27      AC:  7    Str: 15    XL:     3   Next: 1%
Magic:  3/3        EV: 11    Int:  9    God:
Gold:   51         SH:  4    Dex: 14    Spells: 2/2 levels left

rFire  . . .     SeeInvis .     a - +0 long sword
rCold  + + .     Gourm    .     e - +0 ring mail
rNeg   . . .     Faith    .     (no shield)
rPois  .         Spirit   .     c - +0 helmet
rElec  .         Reflect  .     (no cloak)
rCorr  .         Harm     .     (no gloves)
MR     .....                    (no boots)
Stlth  +.........               (no amulet)
                                m - +1 ring of protection
                                g - ring of protection from cold

@: no status effects
A: large bone plates 1, cold resistance 1
a: no special abilities


You were on level 1 of the Dungeon.
You were not hungry.

You visited 1 branch of the dungeon, and saw 1 of its levels.

You collected 51 gold pieces.

Inventory:

Hand Weapons
 a - a +0 long sword (weapon)
Missiles
 d - 3 throwing nets (quivered)
Armour
 b - a +0 leather armour
 c - a +0 helmet (worn)
 e - a +0 ring mail (worn)
Jewellery
 g - a ring of protection from cold (left hand)
 m - a +1 ring of protection (right hand)
Scrolls
 k - a scroll of fog {unknown}
 l - a scroll of remove curse {unknown}
Potions
 h - a potion of cure mutation {unknown}
 i - a potion of haste {unknown}
Comestibles
 f - a bread ration


   Skills:
 - Level 2.0 Fighting
 + Level 3.8 Long Blades
 - Level 1.7 Throwing
 - Level 2.6 Dodging


You had 2 spell levels left.
You didn't know any spells.

Dungeon Overview and Level Annotations

Branches:
Dungeon (1/15)

Altars:


Innate Abilities, Weirdness & Mutations

You are partially covered in large bone plates. (SH +4)
Your flesh is cold resistant. (rC+)


Message History

You kill the hobgoblin!
No target in view!
No target in view!
No target in view!
No target in view!
All of the chunks of flesh in your inventory have rotted away.
A goblin comes into view. It is wielding a dagger.
The goblin shouts!
The goblin barely misses you.
You closely miss the goblin. The goblin barely misses you.
The goblin closely misses you.
You riposte.
You closely miss the goblin. You completely miss the goblin.
The goblin hits you with a dagger.
You slash the goblin!
You kill the goblin!
You have reached level 3!
Your experience leads to an increase in your attributes!
Increase (S)trength, (I)ntelligence, or (D)exterity?
You feel agile.
Your demonic ancestry asserts itself...
Large bone plates grow over parts of your arms.
Are you sure you want to abandon this character and quit the game? (Confirm with "yes".)

######### #.#.# #...# #######
........# #.#.####...# #.....#
######### #.#........# #..##.#
#.#.####...# #..#... #.#.#
#...####.#..#
########.#.####..###....###
#................##..#.##
################)#######...###
...............#@..####..###
####
####.##.####...#.#..#.##..#
#..# #.#...........#........#
##.##
#.#...........##.#.#######.##
#.#....##.##...###...#.##..#
#.#..#.##.##.#.# ###......##
#.#..#..#.##.#.# ###.#######
#.#..##.#.##+#.# #..##...#
#.#..##.#......# ### ##..#....


There were no monsters in sight!

Vanquished Creatures
  An ooze (D:1)
  2 dart slugs (D:1)
  2 giant cockroaches (D:1)
  2 goblins (D:1)
  3 hobgoblins (D:1)
  4 bats (D:1)
  2 kobolds (D:1)
  6 rats (D:1)
22 creatures vanquished.

Notes
Turn   | Place    | Note
-------+----------+-------------------------------------------
     0 | D:1      | Bailgrim the Demonspawn Gladiator began the quest for the Orb.
     0 | D:1      | Reached XP level 1. HP: 16/16 MP: 1/1
   110 | D:1      | Reached skill level 3 in Long Blades
   224 | D:1      | Gained mutation: Your flesh is cold resistant. (rC+) [demonic ancestry]
   224 | D:1      | Reached XP level 2. HP: 21/22 MP: 2/2
   849 | D:1      | Gained mutation: You are partially covered in large bone plates. (SH +4) [demonic ancestry]
   849 | D:1      | Reached XP level 3. HP: 25/27 MP: 3/3
   850 | D:1      | Quit the game

Vault maps used:
D:1:      lemuel_arrival_tunnels

Skill      XL: |  1 |
---------------+----+-----
Long Blades    | 3 |  3.8
Fighting       | |  2.0
Throwing       | |  1.7
Dodging        | |  2.6

Action                   || total
-------------------------++-------
Melee: Long sword        ||    67
Armor: Ring mail         ||    26
       Leather armour    ||     3
Dodge: Dodged            ||    50
       Rpst.: Long sword ||    14
